 Dungeon Crawl Stone Soup version 0.28.0-53-g5a82cb258f (webtiles) character file.

Game seed: 5124787729856774041

130 Woods the Insei (level 5, 0/40 HPs)
             Began as a Gnoll Transmuter on June 9, 2022.
             Slain by a giant cockroach (1 damage)
             ... on level 2 of the Dungeon.
             The game lasted 00:01:45 (930 turns).

Woods the Insei (Gnoll Transmuter)                   Turns: 930, Time: 00:01:46

Health: 0/40       AC:  2    Str: 10    XL:     5   Next: 13%
Magic:  12/12      EV: 13    Int: 14    God:
Gold:   54         SH:  0    Dex: 12    Spells: 13/14 levels left

rFire   . . .      SeeInvis .     - Unarmed
rCold   . . .      Faith    .   (no shield)
rNeg    . . .      Spirit   .   a - +0 robe
rPois   .          Reflect  .   (no helmet)
rElec   .          Harm     .   (no cloak)
rCorr   .          Rampage  .   (no gloves)
Will    .....                   (no boots)
Stlth   ++........              (no amulet)
HPRegen 0.13/turn               (no ring)
MPRegen 0.13/turn               (no ring)

@: no status effects
A: fangs 1, strong nose, distributed training
a: no special abilities


You were on level 2 of the Dungeon.
You visited 1 branch of the dungeon, and saw 2 of its levels.

You collected 54 gold pieces.

Inventory:

Armour
 a - a +0 robe (worn)
Jewellery
 g - a ring of willpower
Scrolls
 b - a scroll of identify {unknown}
 c - a scroll of magic mapping {unknown}
 d - a scroll of silence {unknown}
 f - a scroll of amnesia {unknown}
Potions
 e - a potion of ambrosia {unknown}
 h - a potion of flight {unknown}


   Skills:
 + Level 2.9 Fighting
 + Level 1.3 Short Blades
 + Level 1.3 Long Blades
 + Level 1.3 Axes
 + Level 1.3 Maces & Flails
 + Level 1.3 Polearms
 + Level 1.3 Staves
 + Level 1.3 Slings
 + Level 1.3 Bows
 + Level 1.3 Crossbows
 + Level 1.3 Throwing
 + Level 1.3 Armour
 + Level 4.7 Dodging
 + Level 1.3 Stealth
 + Level 1.3 Shields
 + Level 6.6 Unarmed Combat
 + Level 5.1 Spellcasting
 + Level 1.1 Conjurations
 + Level 1.1 Hexes
 + Level 1.1 Summonings
 + Level 1.1 Necromancy
 + Level 1.1 Translocations
 + Level 3.9 Transmutations
 + Level 1.1 Fire Magic
 + Level 1.1 Ice Magic
 + Level 1.1 Air Magic
 + Level 1.1 Earth Magic
 + Level 1.1 Poison Magic
 + Level 1.5 Invocations
 + Level 1.3 Evocations


You had 13 spell levels left.
You knew the following spells:

 Your Spells              Type           Power      Damage    Failure   Level
a - Beastly Appendage     Tmut           28%        N/A       3%          1

Your spell library contained the following spells:

 Spells                   Type           Power      Damage    Failure   Level
 Wereblood                Tmut           14%        N/A       5%          2
 Sting                    Tmut/Pois      40%        1d5       6%          1
 Poisonous Vapours        Pois/Air       12%        N/A       17%         2
 Spider Form              Tmut/Pois      10%        N/A       19%         3
 Ice Form                 Ice/Tmut       10%        N/A       52%         4
 Olgreb's Toxic Radiance  Pois           6%         N/A       73%         4


Dungeon Overview and Level Annotations

Branches:
Dungeon (2/15)

Altars:

Shops:
D:1 =


Innate Abilities, Weirdness & Mutations

You have very sharp teeth.
Your uncanny sense of smell can sniff out nearby items.
Your experience applies equally to all skills.


Message History

Casting: Beastly Appendage (safe; 3% risk of failure)
Confirm with . or Enter, or press ? or * to list all spells.
Okay, then.
You barely miss the jackal. The jackal bites you.
* * * LOW HITPOINT WARNING * * *
The jackal bites you.
* * * LOW HITPOINT WARNING * * *
You closely miss the jackal. The jackal closely misses you.
You closely miss the jackal. Your kick misses the jackal.
Your headbutt misses the jackal.
The jackal bites you but does no damage.
You closely miss the jackal. You claw the jackal, but do no damage.
The jackal misses you.
You barely miss the jackal. Your kick misses the jackal.
Your horns disappear.
Your talons disappear.
The jackal bites you but does no damage.
You punch the jackal!
You kill the jackal!
The giant cockroach barely misses you.
You hit the giant cockroach.
The giant cockroach is moderately wounded.
The giant cockroach misses you.
You hit the giant cockroach but do no damage.
The giant cockroach is moderately wounded.
The giant cockroach closely misses you.
You barely miss the giant cockroach.
The giant cockroach is moderately wounded.
The giant cockroach misses you.
You hit the giant cockroach but do no damage.
The giant cockroach is moderately wounded.
The giant cockroach closely misses you.
You hit the giant cockroach.
You bite the giant cockroach, but do no damage.
The giant cockroach is heavily wounded.
The giant cockroach bites you.
* * * LOW HITPOINT WARNING * * *
You barely miss the giant cockroach.
The giant cockroach is heavily wounded.
The giant cockroach bites you.
You die...

#........#
#........#
#........##
#.........
#........# 8
##........###8...
..........†.....÷
..####B####.8..÷
∆ #..@.# ... ∆
#....# ∆ .∆
#....# #########
#...†# #.......##
#....# #.........
#....# #.........
#....# #.........
#....# #.........
#....###
#....#....


You could see a giant cockroach.

Vanquished Creatures
  Natasha (thrice) (D:2)
  An adder (D:2)
  A dart slug (D:1)
  2 bats
  3 endoplasms (D:1)
  2 giant cockroaches (D:1)
  3 goblins
  5 hobgoblins
  A jackal (D:2)
  8 kobolds
  2 quokkas
  5 ball pythons (D:1)
  3 frilled lizards
  4 rats (D:1)
43 creatures vanquished.

Notes
Turn   | Place    | Note
-------+----------+-------------------------------------------
     0 | D:1      | Woods the Gnoll Transmuter began the quest for the Orb.
     0 | D:1      | Reached XP level 1. HP: 17/17 MP: 6/6
    75 | D:1      | Found Hezifaf's Jewellery Shop.
   151 | D:1      | Reached XP level 2. HP: 23/23 MP: 5/7
   212 | D:1      | Reached XP level 3. HP: 19/28 MP: 9/9
   359 | D:1      | Reached skill level 5 in Spellcasting
   689 | D:2      | Noticed Natasha
   696 | D:2      | Killed Natasha
   697 | D:2      | Reached skill level 1 in Short Blades
   697 | D:2      | Reached skill level 1 in Long Blades
   697 | D:2      | Reached skill level 1 in Axes
   697 | D:2      | Reached skill level 1 in Maces & Flails
   697 | D:2      | Reached skill level 1 in Polearms
   697 | D:2      | Reached skill level 1 in Staves
   697 | D:2      | Reached skill level 1 in Slings
   697 | D:2      | Reached skill level 1 in Bows
   697 | D:2      | Reached skill level 1 in Crossbows
   697 | D:2      | Reached skill level 1 in Throwing
   697 | D:2      | Reached skill level 1 in Armour
   697 | D:2      | Reached skill level 1 in Stealth
   697 | D:2      | Reached skill level 1 in Shields
   697 | D:2      | Reached skill level 1 in Invocations
   697 | D:2      | Reached skill level 1 in Evocations
   697 | D:2      | Reached XP level 4. HP: 32/34 MP: 11/11
   885 | D:2      | Noticed Natasha
   893 | D:2      | Killed Natasha
   894 | D:2      | Reached skill level 1 in Conjurations
   894 | D:2      | Reached skill level 1 in Hexes
   894 | D:2      | Reached skill level 1 in Summonings
   894 | D:2      | Reached skill level 1 in Necromancy
   894 | D:2      | Reached skill level 1 in Translocations
   894 | D:2      | Reached skill level 1 in Fire Magic
   894 | D:2      | Reached skill level 1 in Ice Magic
   894 | D:2      | Reached skill level 1 in Air Magic
   894 | D:2      | Reached skill level 1 in Earth Magic
   894 | D:2      | Reached skill level 1 in Poison Magic
   898 | D:2      | Noticed Natasha
   910 | D:2      | Killed Natasha
   911 | D:2      | Reached XP level 5. HP: 27/40 MP: 12/12
   919 | D:2      | HP: 2/40 [jackal (2)]
   929 | D:2      | HP: 1/40 [giant cockroach (2)]
   930 | D:2      | Slain by a giant cockroach

Illustrated notes

Levels and vault maps discovered:
D:1:      nzn_arrival_settlement, layout_rooms, serial_shops,
          nicolae_lakefront_shop
D:2:      minmay_spotlight, layout_basic, shapermc_ecumenical_altar_pompeii,
          uniq_natasha

Skill      XL: |  1  2  3  4 |
---------------+-------------+-----
Spellcasting   | 5 |  5.1
Short Blades   | 1 |  1.3
Long Blades    | 1 |  1.3
Axes           | 1 |  1.3
Maces & Flails | 1 |  1.3
Polearms       | 1 |  1.3
Staves         | 1 |  1.3
Slings         | 1 |  1.3
Bows           | 1 |  1.3
Crossbows      | 1 |  1.3
Throwing       | 1 |  1.3
Armour         | 1 |  1.3
Stealth        | 1 |  1.3
Shields        | 1 |  1.3
Invocations    | 1 |  1.5
Evocations     | 1 |  1.3
Conjurations   | 1 |  1.1
Hexes          | 1 |  1.1
Summonings     | 1 |  1.1
Necromancy     | 1 |  1.1
Translocations | 1 |  1.1
Fire Magic     | 1 |  1.1
Ice Magic      | 1 |  1.1
Air Magic      | 1 |  1.1
Earth Magic    | 1 |  1.1
Poison Magic   | 1 |  1.1
Fighting       | |  2.9
Dodging        | |  4.7
Unarmed Combat | |  6.6
Transmutations | |  3.9

Action                   |  1- 3 |  4- 6 || total
-------------------------+-------+-------++-------
Melee: Unarmed           |    48 |    47 ||    95
       Kick              |     9 |     6 ||    15
       Headbutt          |     7 |     4 ||    11
       Bite              |     3 |     3 ||     6
       Punch             |     2 |     1 ||     3
 Cast: Beastly Appendage |    14 |     5 ||    19
 Stab: Sleeping          |     1 |       ||     1
Armor: Robe              |     6 |     9 ||    15
Dodge: Dodged            |    27 |    48 ||    75
